 Dungeon Crawl Stone Soup version 0.24.0-125-gc4c63601f3 (webtiles) character file.

Game seed: 9280449587925784931, levelgen mode: deterministic

206 Frank2 the Cudgeler (level 5, -2/40 HPs)
             Began as a Demonspawn Gladiator on Mar 15, 2020.
             Killed by divine providence
             ... invoked by an orc priest
              (12 damage)
             ... on level 3 of the Dungeon.
             The game lasted 00:02:56 (1738 turns).

Frank2 the Cudgeler (Demonspawn Gladiator)          Turns: 1738, Time: 00:02:57

Health: -2/40      AC:  6    Str: 14    XL:     5   Next: 53%
Magic:  5/5        EV: 11    Int:  9    God:
Gold:   107        SH:  0    Dex: 16    Spells: 4/4 levels left

rFire    . . .     SeeInvis .   a - +0 flail
rCold    . . .     Gourm    .   (no shield)
rNeg     . . .     Faith    .   c - +0 scale mail
rPois    .         Spirit   .   (helmet restricted)
rElec    .         Reflect  .   (no cloak)
rCorr    .         Harm     .   (no gloves)
MR       .....                  (no boots)
Stlth    ..........             (no amulet)
HPRegen  0.13/turn              (no ring)
MPRegen  0.09/turn              (no ring)

@: no status effects
A: antennae 1, talons 1, powered by death 1
a: no special abilities


You were on level 3 of the Dungeon.
You were not hungry.

You visited 1 branch of the dungeon, and saw 3 of its levels.

You collected 107 gold pieces.

Inventory:

Hand Weapons
 a - a +0 flail (weapon)
Armour
 c - a +0 scale mail (worn)
Scrolls
 i - a scroll of blinking {unknown}
 j - 3 scrolls of remove curse
 l - 2 scrolls of enchant armour {unknown}
 n - a scroll of amnesia {unknown}
Potions
 b - a potion of curing {unknown}
 e - a potion of might
 h - 3 potions of heal wounds
 k - a potion of haste {unknown}
 m - 2 potions of degeneration {unknown}
Comestibles
 f - 4 rations


   Skills:
 + Level 2.8 Fighting
 + Level 4.3 Maces & Flails
 - Level 1.7 Throwing
 + Level 1.9 Armour
 + Level 3.5 Dodging


You had 4 spell levels left.
You didn't know any spells.
Your spell library was empty.

Dungeon Overview and Level Annotations

Branches:
Dungeon (3/15)

Altars:
Uskayaw


Innate Abilities, Weirdness & Mutations

You have a pair of small antennae on your head.
You have sharp toenails.
You regenerate a little health from kills.


Message History

An orc comes into view.
You hit the orc priest. Your kick misses the orc priest.
The orc priest is moderately wounded.
The orc priest looks satisfied for a moment.
You hit the orc priest. Your kick misses the orc priest.
The orc priest is severely wounded.
The orc priest hits you but does no damage.
You hit the orc priest but do no damage.
The orc priest is severely wounded.
The orc priest hits you with a +2 short sword of protection.
* * * LOW HITPOINT WARNING * * *
You closely miss the orc. Your kick misses the orc. The orc barely misses you.
You hit the orc. You claw the orc, but do no damage.
The orc is heavily wounded.
The orc misses you.
You hit the orc.
You kill the orc!
The orc priest invokes the aid of Beogh against you.
Beogh smites you!
You die...

## .# .# .#
#.#######)####
#.oo)@.......#
#...####......#
#..........#..#
..####.### <#
#. #.# # #.
###'##
#.####....##..
#....#........#
#....'.....#.##


You could see an orc priest and an orc.

Vanquished Creatures
  A sky beast (D:3)
  A hound skeleton (D:3)
  3 adders
  2 oozes
  A worm (D:2)
  3 dart slugs (D:2)
  A leopard gecko (D:1)
  An orc (D:3)
  7 bats
  2 giant cockroaches
  6 goblins
  6 hobgoblins
  4 jackals (D:2)
  8 kobolds
  A quokka (D:2)
  A ball python (D:2)
  4 frilled lizards
  6 rats
58 creatures vanquished.

Notes
Turn   | Place    | Note
-------+----------+-------------------------------------------
     0 | D:1      | Frank2 the Demonspawn Gladiator began the quest for the
                  | Orb.
     0 | D:1      | Reached XP level 1. HP: 16/16 MP: 1/1
   289 | D:1      | Reached skill level 3 in Maces & Flails
   399 | D:1      | Gained mutation: You have a pair of small antennae on your
                  | head. [demonic ancestry]
   399 | D:1      | Reached XP level 2. HP: 22/22 MP: 2/2
  1011 | D:2      | Reached XP level 3. HP: 25/27 MP: 3/3
  1148 | D:2      | Found a hide-covered altar of Uskayaw.
  1148 | D:2      | Noticed a +0 hand axe
  1149 | D:2      | Noticed a +0 hand axe
  1185 | D:2      | Reached skill level 1 in Armour
  1423 | D:3      | Noticed a sky beast
  1446 | D:3      | Killed a sky beast
  1446 | D:3      | Reached skill level 4 in Maces & Flails
  1446 | D:3      | Gained mutation: You regenerate a little health from kills.
                  | [demonic ancestry]
  1446 | D:3      | Reached XP level 4. HP: 4/34 MP: 4/4
  1446 | D:3      | Gained mutation: You have sharp toenails. [demonic
                  | ancestry]
  1446 | D:3      | Reached XP level 5. HP: 5/39 MP: 5/5
  1738 | D:3      | Killed from afar by an orc priest

Levels and vault maps discovered:
D:1:      elethiomel_arrival_maze, layout_basic, serial_park_tiny_1
D:2:      layout_basic, dancing_weapons_uskayaw
D:3:      layout_basic, nicolae_overflow_hidden_temple,
          kiku_gazebo_garden_becter, cheibrodos_sewer_entry_bend, first_ration,
          uniq_crazy_yiuf_cottage

Skill      XL: |  1  2  3 |
---------------+----------+-----
Maces & Flails | 3 4 |  4.3
Dodging        | 3 |  3.5
Armour         | 1 |  1.9
Fighting       | |  2.8
Throwing       | |  1.7

Action                   |  1- 3 |  4- 6 || total
-------------------------+-------+-------++-------
Melee: Flail             |   143 |    44 ||   187
       Kick              |       |    11 ||    11
Throw: Throwing net      |     3 |       ||     3
  Use: Scroll            |     4 |       ||     4
 Stab: Held in net/web   |     2 |       ||     2
  Eat: Chunk             |     1 |     2 ||     3
Armor: Leather armour    |     4 |       ||     4
       Scale mail        |    92 |    13 ||   105
Dodge: Dodged            |    96 |    33 ||   129
